 Dungeon Crawl Stone Soup version 0.32-a0-876-gcfddb08e57 (webtiles) character file.

Game seed: 5121618281574561589

184 ezpacito the Chopper (level 5, -2/42 HPs)
             Began as a Coglin Chaos Knight on Mar 31, 2024.
             Was a Plaything of Xom.
             Slain by a gnoll sergeant
             ... wielding a +4 spear of venom
              (12 damage)
             ... on level 4 of the Dungeon.
             The game lasted 00:05:12 (2784 turns).

ezpacito the Chopper (Coglin Chaos Knight)          Turns: 2784, Time: 00:05:13

Health: -2/42      AC: 10    Str: 15      XL:     5   Next: 63%
Magic:  5/6        EV:  6    Int: 10 (11) God:    Xom [.*....]
Gold:   155        SH:  0    Dex: 13      Spells: 3/5 levels left

rFire   . . .        a - +0 hand axe (chaos) {Jin}
rCold   . . .        p - +0 spear {Ishleen}
rNeg    . . .        d - +0 chain mail
rPois   +            b - +0 helmet
rElec   .            (no cloak)
rCorr   .            (no gloves)
SInv    .            (no boots)
Will    +....        (amulet unavailable) Stlth
                     (ring unavailable)
HPRegen 0.27/turn    (ring unavailable)
MPRegen 0.10/turn    (no gizmo)

%: no passive effects
@: lethally poisoned (-2 -> -7), enlightened, flying, hasted, revved, very quick
A: off-hand wielding, slow wielding, warmup strikes, no jewellery, deterioration
1, poison resistance
a: Invent Gizmo, Renounce Religion


You were on level 4 of the Dungeon.
You worshipped Xom.
You were a plaything of Xom.
You visited 1 branch of the dungeon, and saw 4 of its levels.

You collected 155 gold pieces.

Inventory:

Hand Weapons
 a - a +0 hand axe of chaos (weapon) {Jin}
 p - a +0 spear (offhand) {Ishleen}
Armour
 b - a +0 helmet (worn)
 d - a +0 chain mail (worn)
Wands
 m - a wand of flame (8)
Scrolls
 c - 2 scrolls of butterflies
 e - a scroll of torment {unknown}
 f - a scroll of fear {unknown}
 g - a scroll of immolation {unknown}
 k - 3 scrolls of identify {unknown}
 o - a scroll of blinking {unknown}
 r - a scroll of vulnerability {unknown}
Potions
 h - a potion of haste
 j - a potion of curing {unknown}
 l - a potion of resistance {unknown}
 n - a potion of lignification {unknown}
 q - a potion of might {unknown}


   Skills:
 * Level 3.7 Fighting
 * Level 3.7(3.8) Axes
 + Level 1.1(2.4) Polearms
 * Level 2.6 Armour
 * Level 2.0 Dodging
 + Level 0.9 Stealth
 + Level 0.6 Spellcasting
 + Level 0.4 Necromancy
 + Level 0.7 Evocations


You had 3 spell levels left.
You knew the following spells:

 Your Spells              Type           Power      Damage    Failure   Level
a - Necrotise             Necr           4%         1d4       99%         1
b - Sandblast             Erth           0%         2d4       99%         1

Your spell library contained the following spells:

 Spells                   Type           Power      Damage    Failure   Level
 Fugue of the Fallen      Necr           1%         N/A       100%        3
 Ozocubu's Armour         Ice            0%         N/A       100%        3
 Stone Arrow              Conj/Erth      0%         3d7       100%        3
 Tukima's Dance           Hex            0%         N/A       100%        3
 Vampiric Draining        Necr           1%         2d6       100%        3
 Brom's Barrelling Bould  Conj/Erth      0%         2d3       100%        4
 Martyr's Knell           Necr/Summ      0%         N/A       100%        4
 Passage of Golubria      Tloc           0%         N/A       100%        4
 Curse of Agony           Necr           1%         N/A       100%        5
 Yara's Violent Unravell  Hex/Alch       0%         3d3       100%        5
 Manifold Assault         Tloc           0%         N/A       100%        7


Dungeon Overview and Level Annotations

Branches:
Dungeon (4/15)
 Temple: D:4-7

Altars:
Hepliaklqana
Okawaru
Uskayaw
Xom

Shops:
D:1 (   D:2 (


Innate Abilities, Weirdness & Mutations

You can wield a second weapon in your off-hand.
It takes a long time for you to wield or remove held weapons.
Your first few attacks do less damage.
You cannot equip rings or amulets.
Your body sometimes deteriorates upon taking damage.
Your system is resistant to poisons. (rPois)


Message History

You barely miss the gnoll sergeant with your +0 spear.
Your +0 whip burns!
Your +0 whip shakes off the sticky flame as it moves.
The gnoll sergeant hits you with a +4 spear of venom!
Your body deteriorates!
You feel dopey.
You are poisoned.
You take 7 damage, and have 29/42 hp.
The gnoll sergeant blocks your attack.
The gnoll sergeant is moderately wounded.
You hit the gnoll sergeant with your +0 hand axe of chaos.
You feel sick.
The gnoll hits you from afar with a +0 spear.
The gnoll sergeant hits you with a +4 spear of venom!
You take 16 damage, and have 13/42 hp.
MASSIVE DAMAGE!!
The gnoll sergeant blocks your attack.
The gnoll sergeant is heavily wounded.
The gnoll sergeant blocks your attack.
You hit the gnoll with your +0 hand axe of chaos.
You freeze the gnoll.
You feel sick.
The bombardier beetle sprays incendiary fluid at you.
The burning spray hits your +0 whip.
You take 1 damage, and have 12/42 hp.
You barely miss the gnoll sergeant with your +0 hand axe of chaos.
The gnoll sergeant is heavily wounded.
You closely miss the gnoll with your +0 hand axe of chaos.
The gnoll sergeant blocks your attack.
You feel sick.
Your +0 whip burns!
Your +0 whip hits the bombardier beetle!
The gnoll closely misses you.
The gnoll sergeant completely misses you.
The gnoll closely misses you.
Your +0 whip hits the bombardier beetle.
The bombardier beetle dies!
Your Dodging skill increases to level 2!
You take 1 damage, and have 11/42 hp.
It was a potion of enlightenment.
You feel very buoyant.
You fly up into the air.
You feel sick.
Your +0 whip burns!
The gnoll sergeant hits you with a +4 spear of venom!
You die...

####....###
#.#.#######.####.# #....#
#.#.# #.# #......# #....#
#.#.# #.# #.###### #....#
#.#.###.###.# ######
#.#......##.###
#.###.........###
#######.###.#..##.#.#.#
...............####.#.###
...†(..†@##....#.........
.##.###gg##.##.####.#..##
.. ###.gS...............
....#.....##.#.####.#....
.....................__.#
...##...##...).##..#....
..#.....#...#.##..#._.#
#....._......#.##..#...#
...#.....#..............


You could see a gnoll sergeant (very poisoned), 2 gnolls, a ball python and a
friendly +0 whip (burning).

Vanquished Creatures
  A sleepcap (D:4)
  5 adders
  4 dart slugs (D:2)
  3 ribbon worms
  5 bats
  2 endoplasms
  A giant cockroach (D:4)
  6 goblins
  4 hobgoblins
  6 kobolds
  3 quokkas
  6 ball pythons
  5 frilled lizards
  5 rats (D:1)
56 creatures vanquished.

Vanquished Creatures (collateral kills)
  A bombardier beetle (D:4)
  A gnoll (D:4)
2 creatures vanquished.

Grand Total: 58 creatures vanquished

Notes
Turn   | Place    | Note
-------+----------+-------------------------------------------
     0 | D:1      | ezpacito the Coglin Chaos Knight began the quest for the
                  | Orb.
     0 | D:1      | Reached XP level 1. HP: 18/18 MP: 1/1
     2 | D:1      | Noticed an oni
     4 | D:1      | Noticed an elf
     4 | D:1      | Noticed a dwarf
     6 | D:1      | Noticed a vine stalker
     6 | D:1      | Noticed an armataur
     8 | D:1      | Noticed a ghoul
     8 | D:1      | Noticed a merfolk
    10 | D:1      | Noticed a demigod
    10 | D:1      | Noticed a minotaur
    12 | D:1      | Noticed a demonspawn
    12 | D:1      | Noticed a spriggan
    14 | D:1      | Noticed a troll
    14 | D:1      | Noticed a draconian
    16 | D:1      | Noticed a felid
    16 | D:1      | Noticed a barachi
    18 | D:1      | Noticed a tengu
    18 | D:1      | Noticed an octopode
    20 | D:1      | Noticed a naga
    20 | D:1      | Noticed a formicid
    22 | D:1      | Noticed a djinni
    22 | D:1      | Noticed a vampire
    26 | D:1      | Noticed a human
    26 | D:1      | Noticed a gargoyle
   104 | D:1      | Reached skill level 1 in Dodging
   226 | D:1      | Reached XP level 2. HP: 24/24 MP: 2/2
   228 | D:1      | Found a faded altar of an unknown god.
   241 | D:1      | Found Mauj's Weapon Emporium.
   241 | D:1      | XOM: 2-stop teleportation journey
   692 | D:1      | XOM: divination: detect items
   950 | D:2      | Reached XP level 3. HP: 27/29 MP: 3/3
   950 | D:2      | Saving game... please wait.
   950 | D:2      | Saving game... please wait.
   950 | D:2      | Upgraded the game from 0.32-a0-872-g59262bdc9b to
                  | 0.32-a0-876-gcfddb08e57
  1210 | D:2      | XOM: noise
  1272 | D:2      | Reached XP level 4. HP: 34/35 MP: 4/4
  1331 | D:2      | Found Hodi's Antique Weapon Shoppe.
  1342 | D:2      | Learned a level 1 spell: Necrotise
  1344 | D:2      | Learned a level 1 spell: Sandblast
  1561 | D:2      | Found a hide-covered altar of Uskayaw.
  1839 | D:3      | XOM: silly message
  2506 | D:4      | XOM: give mutations
  2506 | D:4      | Gained mutation: Your system is resistant to poisons.
                  | (rPois) [Xom's mischief]
  2506 | D:4      | Gained mutation: Your body sometimes deteriorates upon
                  | taking damage. [Xom's mischief]
  2529 | D:4      | XOM: silly message
  2542 | D:4      | Reached skill level 1 in Polearms
  2542 | D:4      | Reached XP level 5. HP: 38/41 MP: 5/5
  2559 | D:4      | XOM: scenery: create altars
  2635 | D:4      | Found an iron altar of Okawaru.
  2648 | D:4      | XOM: 4-stop teleportation journey
  2688 | D:4      | Noticed a black bear
  2690 | D:4      | XOM: summons 2 hostile demons
  2691 | D:4      | XOM: 2-stop teleportation journey
  2731 | D:4      | Found a hazy altar of Hepliaklqana.
  2784 | D:4      | Slain by a gnoll sergeant

Illustrated notes

Levels and vault maps discovered:
D:1:      kb_arrival_jail, layout_loops_ring, serial_shops,
          nicolae_shop_bloodbath_and_beyond, chequers_ecumenical_altar_simple
D:2:      layout_loops_ring, serial_shops, shop, basic_altar
D:3:      layout_loops_ring, minmay_misc_feat_enclosed
D:4:      layout_basic, nicolae_ashenzari_skybound, okawaru_gym_becter,
          lemuel_coloured_pillars_altar, nicolae_hepliaklqana_hippocampus,
          serial_shops, nicolae_shop_competitors_out_of_business

Skill      XL: |  1  2  3  4  5 |
---------------+----------------+-----
Dodging        | 1 2 |  2.0
Armour         | 2 |  2.6
Polearms       | 1 |  1.1
Fighting       | |  3.7
Axes           | |  3.7
Stealth        | |  0.9
Spellcasting   | |  0.6
Necromancy     | |  0.4
Evocations     | |  0.7

Action                     |  1- 3 |  4- 6 || total
---------------------------+-------+-------++-------
  Melee: Hand axe          |    74 |    53 ||   127
         Dagger            |    58 |    17 ||    75
         Spear             |       |    43 ||    43
  Evoke: Wand              |       |     1 ||     1
    Use: Potion            |       |     2 ||     2
   Stab: Confused          |       |     2 ||     2
 Armour: Leather armour    |    38 |    12 ||    50
         Chain mail        |       |    20 ||    20
  Dodge: Dodged            |    43 |    21 ||    64

Table legend: (Time is in decaauts)
 A = Elapsed time spent in this place.
 B = Non-inter-level travel time spent in this place.
 C = Inter-level travel time spent in this place.
 D = Time resting spent in this place.
 E = Time spent auto-exploring this place.
 F = Levels seen in this place.
 G = Mean time per level.
                   A        B        C        D        E       F      G
               +--------+--------+--------+--------+--------+-----+--------+
         Total |   2790 |   2563 |    227 |      0 |   2183 |   4 |  697.5 |
       Dungeon |   2790 |   2563 |    227 |      0 |   2183 |   4 |  697.5 |
               +--------+--------+--------+--------+--------+-----+--------+

Top non-repeatable levels by time:
     D:1: 935 daAuts
     D:2: 805 daAuts
     D:3: 669 daAuts
     D:4: 380 daAuts
